Map: Ever Dream LE

Players

HellraiseR - Winner!

  • Race: Protoss Protoss
  • League: Grandmaster
  • Spawn Location: 1:00

goblin

  • Race: Protoss Protoss
  • League: Grandmaster
  • Spawn Location: 7:00

Event: DreamHack SC2 Masters 2020 Fall

VOD

Have the link to the VOD?

Description

Time

  • Played on: Aug. 26, 2020, 2:38 p.m.
  • Length: 7:44

All games in this series

Show
View Real Time Build Order
Export as new Build Order

HellraiseR Protoss - Winner!

Build Orders: Blink Stalkers 

Get SALT Encoding   

  12  0:00  Probe  
  13  0:12  Probe  
  14  0:17  Pylon  
  14  0:24  Probe (Chrono Boost)  
  15  0:36  Probe (Chrono Boost)  
  15  0:37  Gateway  
  16  0:43  Probe (Chrono Boost)  
  16  0:46  Assimilator  
  17  0:51  Probe  
  17  0:54  Assimilator  
  18  1:03  Probe (Chrono Boost)  
  19  1:07  Gateway  
  19  1:13  Probe (Chrono Boost)  
  19  1:18  Probe (Chrono Boost)  
  20  1:24  Cybernetics Core  
  21  1:29  Probe  
  22  1:34  Pylon  
  22  1:41  Probe  
  23  1:53  Probe  
  24  2:02  Warp Gate, Adept x2  
  24  2:05  Pylon  
  28  2:14  Probe  
  29  2:32  Stalker x2  
  33  2:39  Twilight Council  
  33  2:54  Probe  
  34  2:59  Gateway  
  34  3:02  Stalker x2  
  38  3:17  Blink (Chrono Boost)  
  38  3:20  Pylon  
  39  3:32  Pylon  
  38  3:38  Shield Battery  
  38  3:51  Nexus  
  38  3:56  Stalker  
  38  4:01  Stalker  
  42  4:05  Probe  
  43  4:11  Stalker  
  45  4:17  Probe  
  46  4:24  Dark Shrine  
  46  4:29  Probe  
  47  4:39  Pylon  
  47  4:50  Probe (Chrono Boost)  
  44  4:56  Stalker  
  44  4:59  Stalker  
  49  5:01  Probe (Chrono Boost)  
  49  5:05  Probe (Chrono Boost)  
  50  5:10  Probe (Chrono Boost)  
  50  5:12  Probe (Chrono Boost)  
  52  5:17  Probe (Chrono Boost)  
  52  5:18  Probe (Chrono Boost)  
  54  5:26  Pylon  
  56  5:29  Probe (Chrono Boost)  
  56  5:32  Probe (Chrono Boost)  
  56  5:34  Probe (Chrono Boost)  
  57  5:36  Dark Templar x2  
  57  5:38  Pylon  
  57  5:40  Probe  
  62  5:44  Forge, Probe  
  63  5:52  Probe  
  63  5:54  Pylon  
  63  5:56  Probe  
  65  6:04  Probe  
  65  6:06  Stalker  
  65  6:08  Probe  
  69  6:16  Probe  
  69  6:18  Stalker x2  
  74  6:20  Probe  
  74  6:22  Gateway  
  76  6:34  Stalker  
  76  6:37  Pylon  
  76  6:38  Assimilator  
  76  6:39  Gateway  
  75  6:41  Gateway  
  75  6:42  Assimilator, Stalker  
  75  6:47  Stalker  
  77  6:55  Probe  
  77  6:57  Stalker  
  77  7:00  Photon Cannon  
  80  7:03  Photon Cannon  
  80  7:07  Stalker  
  82  7:14  Stalker  
  84  7:17  Stalker  
  85  7:23  Pylon  
  85  7:24  Stalker  
Show
View Real Time Build Order
Export as new Build Order

goblin Protoss 

Build Orders: Phoenix Opening 

Get SALT Encoding   

  12  0:00  Probe  
  13  0:12  Probe  
  14  0:17  Pylon  
  14  0:24  Probe (Chrono Boost)  
  15  0:36  Probe (Chrono Boost)  
  15  0:37  Gateway  
  16  0:44  Probe (Chrono Boost)  
  16  0:46  Assimilator  
  17  0:50  Probe  
  17  0:54  Assimilator  
  18  1:03  Probe (Chrono Boost)  
  20  1:12  Probe (Chrono Boost)  
  20  1:18  Gateway, Probe (Chrono Boost)  
  20  1:24  Cybernetics Core  
  21  1:30  Probe  
  22  1:36  Pylon  
  22  1:42  Probe  
  23  2:00  Warp Gate, Adept  
  25  2:04  Adept  
  25  2:07  Stargate  
  27  2:17  Pylon  
  27  2:30  Pylon  
  27  2:34  Stalker x2  
  30  2:42  Probe  
  31  2:50  Phoenix (Chrono Boost)  
  33  3:09  Phoenix  
  34  3:25  Probe  
  35  3:27  Pylon  
  31  3:34  Phoenix (Chrono Boost)  
  37  3:48  Pylon  
  37  3:49  Void Ray (Chrono Boost)  
  41  4:05  Nexus  
  41  4:08  Shield Battery  
  41  4:21  Void Ray (Chrono Boost)  
  41  4:30  Probe  
  46  4:32  Shield Battery  
  46  4:42  Probe  
  47  4:46  Shield Battery  
  47  4:51  Void Ray  
  46  4:53  Forge  
  46  4:54  Probe  
  51  5:06  Probe  
  52  5:19  Probe x2 (Chrono Boost)  
  54  5:28  Void Ray  
  56  5:29  Probe x2 (Chrono Boost)  
  56  5:33  Probe (Chrono Boost)  
  56  5:34  Probe (Chrono Boost)  
  62  5:45  Probe x2  
  62  5:47  Pylon  
  64  5:57  Probe x2  
  65  6:04  Photon Cannon  
  65  6:09  Oracle (Chrono Boost), Probe  
  66  6:11  Photon Cannon  
  55  6:37  Probe x2  
  55  6:39  Void Ray  
  59  6:52  Photon Cannon  
  59  6:59  Probe (Chrono Boost)  
  61  7:01  Probe (Chrono Boost)  
  61  7:11  Probe (Chrono Boost)  
  61  7:15  Probe (Chrono Boost)  
  63  7:16  Probe (Chrono Boost)  
  64  7:23  Probe (Chrono Boost)  
  64  7:25  Probe (Chrono Boost)  
  70  7:30  Pylon  
  70  7:34  Probe (Chrono Boost)  
  70  7:35  Probe (Chrono Boost)  

Tags
 
Add a new tag
Caveats
  • Supply blocks, unpowered buildings, or Contaminate may cause inaccurate times.
  • Supply counts are checked every 10 seconds.